Map: Ulrena

Players

Gbaby - Winner!

  • Race: Protoss Protoss
  • League: Diamond

LilDicky

  • Race: Terran Terran
  • League: Diamond

VOD

http://www.twitch.tv/tumescentpie

Description

Time

  • Played on: Jan. 2, 2016, 10:42 p.m.
  • Length: 7:22
Show
View Real Time Build Order
Export as new Build Order

Gbaby Protoss - Winner!

Build Orders:  

Get SALT Encoding   

  12  0:01  Probe (Chrono Boost)  
  13  0:11  Probe (Chrono Boost)  
  14  0:22  Pylon  
  14  0:24  Probe (Chrono Boost)  
  15  0:41  Probe (Chrono Boost)  
  15  0:42  Gateway  
  16  0:43  Assimilator  
  16  0:51  Probe (Chrono Boost)  
  17  1:05  Probe (Chrono Boost)  
  18  1:16  Gateway  
  18  1:17  Probe (Chrono Boost)  
  19  1:30  Cybernetics Core  
  19  1:51  Nexus  
  19  1:56  Assimilator  
  18  2:13  Stalker (Chrono Boost)  
  18  2:14  Stalker (Chrono Boost)  
  22  2:19  Pylon  
  22  2:22  Probe  
  23  2:28  Warp Gate (Chrono Boost)  
  23  2:37  Probe  
  23  2:41  Stalker  
  26  2:52  Mothership Core (Chrono Boost)  
  28  3:09  Probe (Chrono Boost)  
  28  3:11  Probe (Chrono Boost)  
  30  3:14  Stalker  
  30  3:19  Probe (Chrono Boost)  
  33  3:22  Probe (Chrono Boost)  
  34  3:30  Probe (Chrono Boost)  
  35  3:46  Probe (Chrono Boost)  
  35  3:48  Probe (Chrono Boost)  
  37  3:53  Gateway  
  37  3:56  Probe (Chrono Boost)  
  37  3:58  Probe (Chrono Boost)  
  37  3:59  Twilight Council  
  39  4:16  Probe x2 (Chrono Boost)  
  41  4:20  Pylon  
  41  4:22  Pylon  
  41  4:27  Probe (Chrono Boost)  
  41  4:29  Probe (Chrono Boost)  
  43  4:33  Forge  
  43  4:37  Probe (Chrono Boost)  
  44  4:40  Stalker, Probe (Chrono Boost)  
  42  4:48  Probe (Chrono Boost)  
  42  4:51  Probe (Chrono Boost), Pylon  
  42  4:52  Pylon  
  44  4:58  Probe (Chrono Boost)  
  45  5:02  Pylon  
  45  5:03  Pylon  
  45  5:12  Pylon  
  43  5:22  Gateway  
  43  5:26  Probe (Chrono Boost)  
  43  5:27  Probe (Chrono Boost)  
  43  5:28  Pylon, Photon Cannon  
  45  5:38  Probe (Chrono Boost)  
  45  5:39  Stalker  
  39  5:58  Stalker x2, Probe (Chrono Boost)  
  31  6:26  Sentry x3  
  31  6:32  Probe (Chrono Boost)  
  38  6:37  Robotics Facility  
  38  6:43  Probe x2 (Chrono Boost)  
  37  6:47  Photon Cannon  
  37  6:52  Probe  
  37  6:54  Probe  
  39  6:57  Zealot x3  
  45  7:02  Probe  
  45  7:06  Probe  
  48  7:21  Stalker  
Show
View Real Time Build Order
Export as new Build Order

LilDicky Terran 

Build Orders: MMM Bio 

Get SALT Encoding   

  12  0:02  SCV  
  13  0:14  SCV  
  14  0:18  Supply Depot  
  14  0:26  SCV  
  15  0:30  Refinery  
  15  0:41  SCV  
  16  0:52  Barracks  
  16  0:53  SCV  
  17  1:05  SCV  
  18  1:17  SCV  
  19  1:30  SCV  
  20  1:39  Supply Depot, Marine  
  21  1:42  Orbital Command  
  21  1:57  Marine  
  22  2:05  Factory  
  22  2:09  SCV  
  22  2:12  Barracks  
  23  2:20  Barracks Reactor  
  23  2:22  Barracks  
  23  2:25  SCV  
  23  2:29  Refinery  
  24  2:37  SCV  
  25  2:50  SCV  
  26  3:02  SCV  
  27  3:12  Marine  
  28  3:13  Marine  
  28  3:14  SCV  
  28  3:15  Barracks Tech Lab  
  28  3:16  Barracks Tech Lab  
  27  3:59  Combat Shields, Stimpack  
  27  4:00  Marine x4  
  30  4:03  Widow Mine  
  25  4:18  Marine x3  
  29  4:27  SCV  
  29  4:31  Supply Depot  
  30  4:34  Marine  
  30  4:49  Supply Depot  
  30  4:52  Widow Mine  
  36  4:53  Marauder x2  
  36  4:56  SCV  
  37  5:02  Starport, Marine  
  39  5:14  Marauder  
  37  5:32  Concussive Shells, Marine  
  37  5:33  Marauder  
  39  5:37  Supply Depot  
  34  5:58  Marine  
  34  5:59  Marauder x2  
  31  6:16  Marine  
  29  6:20  Marine x2  
  28  6:34  Marine  
  28  6:38  Marauder x2  
  33  6:49  Medivac  
  33  6:52  Marine  
  36  6:59  Marauder, Marine  
Tags
 
Add a new tag
Caveats
  • Supply blocks, unpowered buildings, or Contaminate may cause inaccurate times.
  • Supply counts are checked every 10 seconds.